 BcadrenCrawl: Boulder Brew version 0.06-240-gf756cca71e (webtiles) character file.

Game seed: 13639763060878555979, levelgen mode: deterministic

802 gruber the Lasher (level 7, -8/57 HPs) Minotaur Berserker. Began on Aug 14, 2022. Was a Believer of Trog. Mangled by a gnoll ... wielding a +0 halberd (28 damage) ... on level 3 of the Dungeon. The game lasted 00:04:38 (3230 turns).

gruber the Lasher (Minotaur Berserker)              Turns: 3230, Time: 00:04:40

Health: -8/57      AC:  2    Str: 23    XL:     7 ^: 280
Magic:  2/2        EV: 22    Int:  4    God:    Trog [2* [59]]
Gold:   113        SH:  0    Dex: 10    Spells: 6/6 levels left

rFire    . . .     Slash    x   k - +0 whip (antimagic)
rCold    . . .     Pierce   .   (no weapon)
rNeg     . . .     Bludgeon .   b - +0 animal skin
rCorr    . . .     Vision   .   (helmet restricted)
rPois    .         Gourm    .   g - scarf {cloud immunity}
rElec    .         Faith    .   (no gloves)
MR       .....     Spirit   .   (no boots)
HPRegen  0.29/turn Reflect  .   (no amulet)
MPRegen  0.12/turn Harm     .   d - ring of evasion Stlth +.........Rnd*Rage +
                                f - ring of evasion

@: berserk cooldown, slowed, very slow
A: horns, retaliatory headbutt 2, soft flesh
a: Berserk, Trog's Hand, Renounce Religion


You were on level 3 of the Dungeon.
You worshipped Trog.
Trog was pleased with you.
You were not hungry.

You visited 1 branch of the dungeon, and saw 3 of its levels.

You collected 113 gold pieces.

Inventory:

Weapons
 k - a +0 antimagic whip (weapon)
Armour
 b - a +0 animal skin (worn)
 g - a scarf of cloud immunity (worn)
Jewellery
 d - a ring of evasion (left hand)
 f - a ring of evasion (right hand)
 j - a cursed ring of strength {(Curse: rC-)}
 n - an uncursed amulet of faith
 p - a cursed amulet of magic regeneration {(Curse: rF-)}
Scrolls
 e - 2 scrolls of holy word
 h - 3 scrolls of teleportation
 l - a scroll of enchantment
Potions
 a - a potion of agility
 i - a potion of curing
 m - 2 potions of haste
 o - a potion of berserk rage
Comestibles
 c - 4 rations
 q - 3 chunks of flesh


   Skills:
 - Level 3.6 Fighting
 + Level 10.7 Whips & Flails
 - Level 2.4 Armour
 - Level 2.1 Dodging


You had 6 spell levels left.
You didn't know any spells.
Your spell library was empty.

Dungeon Overview and Level Annotations

Branches:
Dungeon (3/8)

Altars:
The Shining One


Innate Abilities, Weirdness & Mutations

You reflexively attack those that strike you in melee with your horns.
Your soft flesh is weak to deep cuts.
Heavy manmade armour will nullify this weakness. (rSlashing-)
You frequently lose your temper in combat.
This godly rage surpasses even clarity. (*Rage)


Message History

q - 4 chunks of flesh
Things that are here:
a +0 halberd; a gnoll skeleton Unknown command.
Unknown command.
You start waiting.
Eating one of 4 chunks of flesh.
You eat one of the 4 chunks of flesh.
This raw flesh tastes terrible.
You are no longer berserk.
You are exhausted.
You feel yourself slow down.
You start waiting.
A gnoll comes into view.
The gnoll shouts!
There is an open door here.
The gnoll closely misses you. The gnoll barely misses you.
There is a stone staircase leading down here.
The gnoll hits you from afar with a +0 halberd (15)!
You are lacerated severely!
The gnoll hits you from afar with a +0 halberd (28)!!
You are lacerated severely!
You die...

...####.#..†...........#......#
........#+###.##.#####.#......###
#######.. #.##.# #.#......... ..
#..#.# #.#.......## ##.#.#
#.#......... #.#.# #.#.........
#...# #.........).
##..#########'#+#.##
#.@.g........# #.# ##############
#.# #.# #.# #.# ..# .


You could see a gnoll.

Vanquished Creatures
  Duvessa (D:3)
  An ogre (D:3)
  2 crocodiles (D:2)
  Dowan (D:3)
  A howler monkey (D:3)
  A quasit (D:3)
  An orc wizard (D:3)
  Jessica (D:2)
  An iguana (D:3)
  4 worker ants (D:3)
  3 giant cockroaches
  An adder (D:3)
  4 gnolls (D:3)
  2 cinder newts
  A leopard gecko (D:2)
  2 orcs (D:3)
  2 ball pythons (D:1)
  7 goblins (D:1)
  3 hobgoblins (D:1)
  2 quokkas (D:3)
  7 bats (D:1)
  3 kobolds (D:1)
  2 leopard gecko skeletons (D:3)
  2 rats (D:1)
55 creatures vanquished.

Vanquished Creatures (others)
  A leopard gecko (D:3)
  35 withered plants (D:2)
36 creatures vanquished.

Grand Total: 91 creatures vanquished

Notes
Turn   | Place    | Note
-------+----------+-------------------------------------------
     0 | D:1      | gruber the Minotaur Berserker began the quest for the Orb.
     0 | D:1      | Reached XP level 1. HP: 19/19 MP: 0/0
    45 | D:1      | Reached skill level 4 in Whips & Flails
    70 | D:1      | Reached XP level 2. HP: 16/26 MP: 1/1
   277 | D:1      | Reached skill level 5 in Whips & Flails
   579 | D:1      | Reached XP level 3. HP: 25/31 MP: 2/2
   618 | D:1      | Reached ** piety under Trog
   865 | D:2      | Noticed a crocodile
   871 | D:2      | Killed a crocodile
   871 | D:2      | Reached skill level 6 in Whips & Flails
   871 | D:2      | Reached XP level 4. HP: 39/39 MP: 3/3
   938 | D:2      | Received a gift from Trog
   995 | D:2      | Noticed Jessica
  1008 | D:2      | Killed Jessica
  1008 | D:2      | Reached skill level 7 in Whips & Flails
  1008 | D:2      | Reached XP level 5. HP: 45/45 MP: 4/4
  1216 | D:2      | Found a glowing golden altar of the Shining One.
  2352 | D:3      | Reached skill level 8 in Whips & Flails
  2440 | D:3      | Reached XP level 6. HP: 22/51 MP: 1/5
  2674 | D:3      | Reached skill level 9 in Whips & Flails
  2845 | D:3      | Reached XP level 7. HP: 35/57 MP: 2/6
  2960 | D:3      | Noticed Duvessa
  2960 | D:3      | Noticed Dowan
  2976 | D:3      | Killed Duvessa
  2976 | D:3      | Reached skill level 10 in Whips & Flails
  2977 | D:3      | HP: 3/85 [Dowan/icicle (19)]
  2983 | D:3      | Killed Dowan
  3230 | D:3      | Mangled by a gnoll

Levels and vault maps discovered:
D:1:      dpeg_arrival_subterranean_lakeside_camping, layout_basic
D:2:      layout_sewer, tso_altar, uniq_jessica
D:3:      layout_basic, first_ration, uniq_duvessa

Skill      XL: |  1  2  3  4  5  6  7 |
---------------+----------------------+-----
Whips & Flails | 4 5 6 7 8 9 10 | 10.7
Fighting       | |  3.6
Armour         | |  2.4
Dodging        | |  2.1

Action                   |  1- 3 |  4- 6 |  7- 9 || total
-------------------------+-------+-------+-------++-------
Melee: Whip              |    40 |    64 |    24 ||   128
       Unarmed           |    23 |    61 |    23 ||   107
       Headbutt          |     7 |    14 |     4 ||    25
Invok: Berserk           |     1 |     2 |     2 ||     5
       Trog's Hand       |       |       |     1 ||     1
  Eat: Chunk             |       |     5 |     3 ||     8
       Ration            |       |     1 |       ||     1
Armor: Animal skin       |     9 |     2 |       ||    11
Dodge: Dodged            |    21 |    22 |    11 ||    54
